 Dungeon Crawl Stone Soup version 0.30.1-4-g462c640d31 (webtiles) character file.

Game seed: 3533501536067222767

6301 lonewolfV2 the Cleaver (level 10, 0/77 HPs)
             Began as a Demonspawn Fighter on Aug 28, 2023.
             Was a Priest of Makhleb.
             Killed by divine providence
             ... invoked by an orc priest
              (9 damage)
             ... on level 9 of the Dungeon.
             The game lasted 00:11:00 (8999 turns).

lonewolfV2 the Cleaver (Demonspawn Fighter)         Turns: 8999, Time: 00:11:00

Health: 0/77       AC: 11    Str: 21    XL:     10   Next: 63%
Magic:  10/10      EV: 11    Int:  9    God:    Makhleb [***...]
Gold:   391        SH:  6    Dex: 13    Spells: 9/9 levels left

rFire   . . .        k - +3 hand axe (elec)
rCold   . . .        c - +1 buckler
rNeg    . . .        b - +0 scale mail
rPois   +            (helmet restricted)
rElec   .            (no cloak)
rCorr   .            (no gloves)
SInv    +            (no boots)
Will    .....        (no amulet)
Stlth   +            r - ring of see invisible
HPRegen 0.32/turn    o - ring of poison resistance
MPRegen 0.12/turn

%: no passive effects
@: no status effects
A: horns 2, thin metallic scales 2, powered by pain 2
a: Renounce Religion, Minor Destruction, Lesser Servant of Makhleb


You were on level 9 of the Dungeon.
You worshipped Makhleb.
Makhleb was most pleased with you.
You visited 2 branches of the dungeon, and saw 10 of its levels.

You collected 391 gold pieces.

Inventory:

Hand Weapons
 a - a +0 war axe
 k - a +3 hand axe of electrocution (weapon)
Missiles
 f - a throwing net (quivered)
Armour
 b - a +0 scale mail (worn)
 c - a +1 buckler (worn)
Jewellery
 j - a +6 ring of intelligence
 o - a ring of poison resistance (right hand)
 r - a ring of see invisible (left hand)
 x - a +6 ring of intelligence
Wands
 m - a wand of mindburst (4)
Scrolls
 d - a scroll of enchant armour
 g - 5 scrolls of teleportation
 n - a scroll of fog
 p - 2 scrolls of enchant weapon
 s - 2 scrolls of poison
Potions
 h - 2 potions of flight
 i - 2 potions of degeneration
 l - 2 potions of lignification
 q - a potion of mutation
 u - a potion of magic


   Skills:
 + Level 6.6 Fighting
 + Level 8.6 Axes
 + Level 8.4 Armour
 + Level 4.0 Dodging
 + Level 2.7 Stealth
 + Level 6.3 Shields


You had 9 spell levels left.
You didn't know any spells.
Your spell library contained the following spells:

 Spells                   Type           Power      Damage    Failure   Level
 Freeze                   Ice            0%         1d3       75%         1
 Summon Small Mammal      Summ           0%         N/A       75%         1
 Ensorcelled Hibernation  Hex/Ice        0%         N/A       87%         2
 Sublimation of Blood     Necr           0%         N/A       87%         2
 Wereblood                Tmut           0%         N/A       87%         2
 Call Canine Familiar     Summ           0%         N/A       98%         3
 Frozen Ramparts          Ice            0%         1d1       98%         3
 Hailstorm                Conj/Ice       0%         3d3       98%         3
 Inner Flame              Hex/Fire       0%         N/A       98%         3
 Spider Form              Tmut/Pois      0%         N/A       98%         3
 Anguish                  Hex/Necr       0%         N/A       100%        4
 Flame Wave               Conj/Fire      0%         2d4       100%        4
 Sticky Flame             Conj/Fire      0%         2d3       100%        4
 Summon Ice Beast         Ice/Summ       0%         N/A       100%        4
 Summon Forest            Summ/Tloc      0%         N/A       100%        5
 Summon Hydra             Summ           0%         N/A       100%        7


Dungeon Overview and Level Annotations

Branches:
Dungeon (9/15)             Temple (1/1) D:4            Lair (0/5) D:8
    Orc: D:9-12

Altars:
Ashenzari
Cheibriados
Dithmenos
Gozag
Hepliaklqana
Kikubaaqudgha
Makhleb
Nemelex Xobeh
Qazlal
Ru
Sif Muna
Trog
Vehumet
Wu Jian

Shops:
D:2 (   D:4 [

Annotations:
D:8 4 transporters, rvierbuc's ghost, novice DgCj


Innate Abilities, Weirdness & Mutations

You have a pair of horns on your head.
You are mostly covered in thin metallic scales. (AC +3)
You sometimes gain power by taking damage.


Message History

The troll is moderately wounded.
You block the troll's attack. The troll claws you.
The troll closely misses you.
An orc priest comes into view. It is wielding a +0 whip.
You barely miss the troll. Your headbutt misses the troll.
The troll is moderately wounded.
You block the troll's attack. The troll claws you. x2
* * * LOW HITPOINT WARNING * * *
You hit the troll. Lightning courses through the troll!
The troll is heavily wounded.
The troll bites you but does no damage. You block the troll's attack.
The troll claws you!
* * * LOW HITPOINT WARNING * * *
You hit the troll but do no damage.
The troll is heavily wounded.
You block the troll's attack. The troll claws you but does no damage.
The troll claws you.
* * * LOW HITPOINT WARNING * * *
You slash the troll! Lightning courses through the troll!
You kill the troll!
Makhleb accepts your kill.
Your life force feels restored.
Items here: )) [[.
An orc priest comes into view. It is wielding a +0 dagger.
The orc priest barely misses you.
You slash the orc priest!
The orc priest is severely wounded.
The orc priest mumbles some strange prayers to Beogh against you.
Pain shoots through your body!
* * * LOW HITPOINT WARNING * * *
You slash the orc priest!
Lightning courses through the orc priest!
You kill the orc priest!
Makhleb accepts your kill.
You can now summon a lesser servant of Makhleb.
An orc wizard comes into view.
It is wielding a +0 hand axe and carrying a wand of paralysis (6).
Found a dagger.
The orc priest calls down the wrath of Beogh upon you.
Beogh smites you!
You die...

...[....####.#
##...........# #
#..#######..##.# #.
#..........# #
#.###.))####
##.......# #.......##
#######
.........#####.......
##.........).@...o...
.........#####.#####o
###.#.#..# ...
#.#.#..# ..## #
#.#..# ..# #..# .)#
#..# ..# ...# ..#


You could see an orc priest and an orc wizard.

Vanquished Creatures
  A troll (D:9)
  9 yaks
  A wyvern (D:8)
  Eustachio (D:6)
  3 steam dragons
  An acid dragon (D:6)
  3 orc warriors
  2 water moccasins (D:8)
  A sky beast (D:7)
  A black bear (D:8)
  2 ogres (D:5)
  2 centaurs
  A kobold brigand (D:8)
  11 bullfrogs
  A gnoll sergeant (D:4)
  7 scorpions
  11 wights
  7 howler monkeys
  2 hounds (D:4)
  4 orc priests
  A gnoll bouda (D:4)
  A sleepcap (D:7)
  Natasha (thrice) (D:4)
  8 orc wizards
  An iguana (D:6)
  A mummy (D:4)
  11 gnolls (D:4)
  6 adders
  A shadow imp (D:7)
  2 white imps (D:6)
  A worm (D:2)
  5 dart slugs
  23 orcs
  12 endoplasms
  A giant cockroach (D:2)
  6 goblins
  7 hobgoblins
  7 jackals
  2 quokkas
  6 ball pythons
  2 bats
  3 frilled lizards
  10 kobolds
  3 rats (D:3)
194 creatures vanquished.

Vanquished Creatures (collateral kills)
  2 orcs (D:8)
2 creatures vanquished.

Vanquished Creatures (others)
  A wyvern (D:7)
1 creature vanquished.

Grand Total: 197 creatures vanquished

Notes
Turn   | Place    | Note
-------+----------+-------------------------------------------
     0 | D:1      | lonewolfV2 the Demonspawn Fighter began the quest for the
                  | Orb.
     0 | D:1      | Reached XP level 1. HP: 18/18 MP: 1/1
   149 | D:1      | Gained mutation: You have a pair of small horns on your
                  | head. [demonic ancestry]
   149 | D:1      | Reached XP level 2. HP: 24/24 MP: 2/2
   856 | D:2      | Reached XP level 3. HP: 25/29 MP: 3/3
   887 | D:2      | Found Lodd's Weapon Shoppe.
  1207 | D:2      | Noticed a scorpion
  1217 | D:2      | Killed a scorpion
  1218 | D:2      | Gained mutation: You have a pair of horns on your head.
                  | [demonic ancestry]
  1218 | D:2      | Reached XP level 4. HP: 16/35 MP: 4/4
  1533 | D:2      | Gained mutation: You sometimes gain a little power by
                  | taking damage. [demonic ancestry]
  1533 | D:2      | Reached XP level 5. HP: 41/41 MP: 5/5
  2442 | D:3      | Found a faded altar of an unknown god.
  2459 | D:3      | You fall into a shaft and drop 3 floors!
  2476 | D:6      | Reached XP level 6. HP: 48/48 MP: 6/6
  2489 | D:5      | Entered Level 5 of the Dungeon
  2506 | D:5      | Reached skill level 1 in Dodging
  3047 | D:5      | Gained mutation: You are partially covered in thin metallic
                  | scales. (AC +2) [demonic ancestry]
  3047 | D:5      | Reached XP level 7. HP: 54/54 MP: 7/7
  3424 | D:4      | Noticed Natasha
  3438 | D:4      | Killed Natasha
  3774 | D:4      | Found the +5 woodcutter's axe
  3778 | D:4      | Reached skill level 5 in Armour
  3947 | D:4      | Noticed Natasha
  3955 | D:4      | Killed Natasha
  3957 | D:4      | Noticed Natasha
  3970 | D:4      | Killed Natasha
  4023 | D:4      | Found a staircase to the Ecumenical Temple.
  4048 | Temple   | Entered the Ecumenical Temple
  4059 | Temple   | Became a worshipper of Makhleb the Destroyer
  4115 | D:4      | Gained mutation: You sometimes gain power by taking damage.
                  | [demonic ancestry]
  4115 | D:4      | Reached XP level 8. HP: 54/61 MP: 8/8
  4221 | D:4      | Found a radiant altar of Vehumet.
  4259 | D:4      | Found Rufuces's Antique Armour Shoppe.
  4799 | D:6      | Found a shadowy altar of Dithmenos.
  4805 | D:6      | Reached skill level 5 in Axes
  4811 | D:6      | Found a shimmering blue altar of Sif Muna.
  4811 | D:6      | Found a sacrificial altar of Ru.
  4813 | D:6      | Found a hazy altar of Hepliaklqana.
  4814 | D:6      | Found an opulent altar of Gozag.
  4815 | D:6      | Found an ancient bone altar of Kikubaaqudgha.
  5250 | D:6      | Noticed Eustachio
  5270 | D:6      | Killed Eustachio
  5271 | D:6      | Reached skill level 5 in Shields
  5545 | D:6      | Reached skill level 1 in Stealth
  5869 | D:6      | Reached * piety under Makhleb
  5878 | D:6      | Reached skill level 5 in Fighting
  5966 | D:6      | Reached XP level 9. HP: 68/68 MP: 9/9
  7552 | D:7      | Got the Vellum of Chilling Summoning
  7776 | D:8      | Noticed rvierbuc's ghost (novice DgCj)
  7785 | D:8      | Noticed a moth of wrath
  7792 | D:8      | Reached ** piety under Makhleb
  7800 | D:8      | Gained mutation: You are mostly covered in thin metallic
                  | scales. (AC +3) [demonic ancestry]
  7800 | D:8      | Reached XP level 10. HP: 59/76 MP: 10/10
  8014 | D:8      | Found a transporter.
  8077 | D:8      | Found a transporter.
  8078 | D:8      | Found a transporter.
  8078 | D:8      | Noticed a boulder beetle
  8139 | D:8      | Found a bloodstained altar of Trog.
  8146 | D:8      | Found a transporter.
  8283 | D:8      | Found a staircase to the Lair.
  8672 | D:8      | Found a snail-covered altar of Cheibriados.
  8998 | D:9      | Reached *** piety under Makhleb
  8999 | D:9      | Killed from afar by an orc priest

Illustrated notes

Levels and vault maps discovered:
D:1:      dpeg_arrival_three_same_balls, layout_basic
D:2:      layout_basic, serial_shops, shop
D:3:      layout_basic, zin_angel, chequers_ecumenical_altar_simple_redux
D:4:      layout_basic, lemuel_doored_altar, minmay_temple_entry_hall,
          serial_shops, nicolae_shop_window_shopping, gup_ossuary_entry_pyramid,
          pf_guarded_unrand_woodcutter, uniq_natasha
D:5:      layout_loops_corners, mainiacjoe_overflow_brackets
D:6:      layout_basic, minitemple, kennysheep_generic_room_16, uniq_eustachio
D:7:      layout_gridville, chequers_serial_rivers_micro_d,
          kennysheep_generic_room_6
D:8:      gammafunk_boulding_lane, layout_gridville, old_standard_altar,
          due_lair_maze_entry_diamond, gammafunk_ghost_wrathful_warriors
D:9:      layout_loops_ring, enter_bailey_2, uniq_prince_ribbit1
Temple:   chequers_temple_sunken

Skill      XL: |  1  2  3  4  5  6  7  8  9 10 |
---------------+-------------------------------+-----
Shields        | 3 4 5 6 |  6.3
Armour         | 3 4 5 6 7 8 |  8.4
Axes           | 2 3 4 6 7 8 |  8.6
Dodging        | 1 2 3 4 |  4.0
Fighting       | 4 5 6 |  6.6
Stealth        | 1 2 |  2.7

Action                     |  1- 3 |  4- 6 |  7- 9 | 10-12 || total
---------------------------+-------+-------+-------+-------++-------
  Melee: War axe           |    95 |    36 |       |       ||   131
         Headbutt          |    10 |    15 |    40 |    20 ||    85
         Hand axe          |       |    75 |   226 |   120 ||   421
    Use: Scroll            |     6 |     2 |    13 |     3 ||    24
         Potion            |     1 |       |     6 |     2 ||     9
 Armour: Scale mail        |    45 |    42 |   119 |    52 ||   258
  Dodge: Dodged            |    50 |    48 |   120 |    58 ||   276
  Block: Buckler           |    31 |    42 |    82 |    46 ||   201
